 Dungeon Crawl Stone Soup version 0.31.0-9-g3a7656b989 (webtiles) character file.

Game seed: 7219108536178394481

144 Killerpretzel the Changeling (level 5, 0/34 HPs)
             Began as an Octopode Shapeshifter on Feb 6, 2024.
             Slain by an orc priest
             ... wielding a +0 club
              (3 damage)
             ... on level 3 of the Dungeon.
             The game lasted 00:07:59 (2403 turns).

Killerpretzel the Changeling (OpSh)                 Turns: 2403, Time: 00:08:00

Health: 0/34       AC:  1    Str: 11 (13) XL:     5   Next: 27%
Magic:  5/5        EV: 13    Int:  9 (12) God:
Gold:   84         SH:  0    Dex: 11 (14) Spells: 4/4 levels left

rFire   . .          .
                       - Unarmed
rCold   . . .        (no shield)
rNeg    . . .        (helmet currently unavailable)
rPois   .            (no amulet)
rElec   .            (no ring)
rCorr   .            (no ring)
SInv    .            (no ring)
Will    .....        (no ring)
Stlth   ++           (no ring)
HPRegen 0.25/turn    (no ring)
MPRegen 0.09/turn    (no ring)
                     (no ring)

%: no passive effects
@: confused, beast-form
A: beast (slay +2), almost no armour, amphibious, 8 rings, camouflage 1,
gelatinous body 1, (nimble swimmer 1), tentacles
a: Begin Untransformation


You were on level 3 of the Dungeon.
You were a hulking beast.
You visited 1 branch of the dungeon, and saw 3 of its levels.

You collected 84 gold pieces.

Inventory:

Missiles
 g - 6 boomerangs (quivered)
Jewellery
 e - a ring of ice
Talismans
 b - a beast talisman
 c - a flux talisman
Scrolls
 a - a scroll of enchant weapon {unknown}
 d - a scroll of teleportation {unknown}
 f - 5 scrolls of identify {unknown}
 i - a scroll of vulnerability
Potions
 h - a potion of resistance {unknown}
 j - a potion of curing {unknown}
 k - a potion of degeneration


   Skills:
 + Level 2.2 Fighting
 + Level 2.9 Dodging
 + Level 3.7 Unarmed Combat
 * Level 4.1 Shapeshifting


You had 4 spell levels left.
You didn't know any spells.
Your spell library was empty.

Dungeon Overview and Level Annotations

Branches:
Dungeon (3/15)

Altars:
Xom

Shops:
D:3 [[(=


Innate Abilities, Weirdness & Mutations

You are a hulking beast.
Your limbs bulge with bestial killing power. (Slay +2)
You cannot wear most types of armour.
You are amphibious.
You can wear up to eight rings at the same time.
Your skin changes colour to match your surroundings (Stealth+).
Your rubbery body absorbs attacks. (AC +1, EV +1)
((You are camouflaged when in or above water. (Stealth+)))
You have tentacles for arms and can constrict up to eight enemies at once.


Message History

There are monsters nearby!
You are too confused!
There are monsters nearby!
You're too confused to move!
The orc wizard points at you and mumbles some strange words.
You are more confused.
Things that are here:
a +0 whip; a +0 chain mail; an orc corpse You bump into the rock wall.
The orc wizard hits you but does no damage.
You bump into the rock wall.
The orc wizard barely misses you.
The orc priest looks encouraged for a moment.
You barely miss the orc wizard. The orc wizard completely misses you.
You miss the orc wizard.
The orc wizard hits you with a +0 dagger.
You closely miss the orc wizard. Your squeeze misses the orc wizard.
The orc wizard hits you with a +0 dagger.
You bump into the rock wall.
The orc wizard hits you with a +0 dagger.
You barely miss the orc wizard.
The orc wizard gestures at you while chanting.
You are more confused.
You miss the orc wizard. The orc wizard closely misses you.
The orc wizard attacks as it pursues you!
The orc wizard hits you with a +0 dagger.
You're too confused to move!
The orc wizard misses you. The orc wizard casts a spell at you.
You resist with some effort.
You're too confused to move!
You're too confused to move!
The orc wizard points at you and mumbles some strange words.
The puff of flame hits you! The orc priest hits you with a +0 club.
* * * LOW HITPOINT WARNING * * *
It was a potion of degeneration.
There was something very wrong with that liquid.
You feel weakened.
You feel dopey.
You feel clumsy.
The orc wizard hits you with a +0 dagger.
* * * LOW HITPOINT WARNING * * *
The orc priest hits you with a +0 club.
You die...

#.#.#####..#####.###.##
#.#........# #.# #..####
#.#######.## #.# ##....#
#.# #.# #.# ####.. #.# #.#
#.# ##. #.# #.# ## #.# #.#
# ##.#.#####o######.######
.......)ooh#...........####
.###.#######.####..........
#.# #######.#### #.#
#...........
#.###.#.....####
#......∩##### #######.# #^#
#.# ####


You could see an orc priest, an orc wizard and an orc.

Vanquished Creatures
  Terence (D:2)
  Robin (D:2)
  3 gnolls (D:3)
  An adder (D:3)
  A dart slug (D:3)
  A ribbon worm (D:2)
  An orc (D:3)
  4 ball pythons
  5 endoplasms
  3 giant cockroaches
  10 goblins
  9 hobgoblins
  A quokka (D:1)
  6 bats
  5 frilled lizards
  8 kobolds
  A rat (D:3)
61 creatures vanquished.

Notes
Turn   | Place    | Note
-------+----------+-------------------------------------------
     0 | D:1      | Killerpretzel the Octopode Shapeshifter began the quest for
                  | the Orb.
     0 | D:1      | Reached XP level 1. HP: 13/13 MP: 1/1
   104 | D:1      | Reached XP level 2. HP: 18/18 MP: 2/2
   507 | D:1      | Reached XP level 3. HP: 19/23 MP: 3/3
  1175 | D:2      | Noticed Robin
  1196 | D:2      | Killed Robin
  1237 | D:2      | Noticed Terence
  1247 | D:2      | Killed Terence
  1248 | D:2      | Reached XP level 4. HP: 22/29 MP: 4/4
  1823 | D:3      | Found Gaulatim's Antique Armour Emporium.
  1849 | D:3      | Found a shimmering altar of Xom.
  1890 | D:3      | Reached skill level 4 in Shapeshifting
  1890 | D:3      | Reached XP level 5. HP: 10/34 MP: 5/5
  2032 | D:3      | Found Pilism's Jewellery Boutique.
  2291 | D:3      | Found Oqeet Jie's Weapon Shoppe.
  2327 | D:3      | Found Zamarif's Armour Shoppe.
  2403 | D:3      | Slain by an orc priest

Illustrated notes

Levels and vault maps discovered:
D:1:      eino_arrival_cavern_b, layout_loops_ring, minmay_pentomino_p2
D:2:      layout_basic, uniq_robin, uniq_terence
D:3:      layout_basic, mainiacjoe_overflow_tiny_flanked, serial_shops,
          nicolae_shop_real_fake_doors, shop, nicolae_shop_gaudy_bauble, shop,
          nicolae_shop_pleasant_corner_grove

Skill      XL: |  1  2  3  4 |
---------------+-------------+-----
Fighting       | 2 |  2.2
Shapeshifting  | 4 |  4.1
Dodging        | |  2.9
Unarmed Combat | |  3.7

Action                     |  1- 3 |  4- 6 || total
---------------------------+-------+-------++-------
  Melee: Unarmed           |    72 |    48 ||   120
         Constrict         |    18 |     8 ||    26
         Tentacles         |    11 |     3 ||    14
         Punch             |     3 |     1 ||     4
  Throw: Boomerang         |       |    24 ||    24
    Use: Scroll            |     4 |       ||     4
         Potion            |       |     2 ||     2
   Stab: Sleeping          |     8 |     6 ||    14
 Armour: Skin              |    19 |    46 ||    65
  Dodge: Dodged            |    34 |    26 ||    60
